 Dungeon Crawl Stone Soup version bcrawl-1.21.2-1-g32d02e0829 (webtiles) character file.

Game seed: 15377417642158046271

1802 Mrkan the Twirler (level 8, -3/62 HPs)
             Began as a Demonspawn Gladiator on Feb 21, 2020.
             Was a Follower of Qazlal.
             Slain by a bullfrog (12 damage)
             ... on level 6 of the Dungeon.
             The game lasted 00:10:19 (6769 turns).

Mrkan the Twirler (Demonspawn Gladiator)            Turns: 6769, Time: 00:10:20

Health: -3/62      AC:  7    Str: 17    XL:     8   Next: 83%
Magic:  12/12      EV: 15    Int: 10    God:    Qazlal [*.....]
Gold:   324        SH:  2    Dex: 14    Spells: 7/7 levels left

rFire    . . .     SeeInvis .   a - +0 quarterstaff
rCold    . . .     Gourm    .   (shield currently unavailable)
rNeg     . . .     Faith    .   b - +0 leather armour
rPois    .         Spirit   .   c - +0 helmet
rElec    .         Reflect  .   t - +0 cloak
rCorr    .         Harm     .   (no gloves)
MR       .....                  (no boots)
Stlth    +.........             (no amulet)
HPRegen  0.20/turn              (no ring)
MPRegen  0.13/turn              (no ring)

@: no status effects
A: talons 1, yellow scales 1, rot immunity
a: Renounce Religion


You were on level 6 of the Dungeon.
You worshipped Qazlal.
Qazlal was aware of your devotion.
You were hungry.

You visited 1 branch of the dungeon, and saw 6 of its levels.

You collected 324 gold pieces.

Inventory:

Hand Weapons
 a - a +0 quarterstaff (weapon)
Missiles
 d - 3 throwing nets (quivered) {!f}
Armour
 b - a +0 leather armour (worn)
 c - a +0 helmet (worn)
 t - a +0 cloak (worn)
 D - a +0 chain mail
Jewellery
 g - an uncursed ring of insulation {unknown}
 j - a cursed -5 ring of slaying {unknown}
 n - an uncursed ring of wizardry {unknown}
 x - an uncursed ring of insulation {unknown}
 G - an uncursed ring of poison resistance {unknown}
Wands
 u - a wand of flame (20)
 w - a wand of acid (4)
 B - a wand of polymorph (4)
Scrolls
 f - 13 scrolls of identify {unknown}
 i - 2 scrolls of amnesia {unknown}
 k - a scroll of immolation {unknown}
 o - 2 scrolls of magic mapping {unknown}
 p - 3 scrolls of enchant armour {unknown}
 q - 4 scrolls of teleportation {unknown}
 r - a scroll of noise {unknown}
 y - a scroll of remove curse {unknown}
Potions
 h - 5 potions of berserk rage
 l - a potion of agility
 m - a potion of haste {unknown}
 s - 2 potions of curing
 v - a potion of degeneration {unknown}
 z - 2 potions of heal wounds {unknown}
 A - a potion of ambrosia {unknown}
 C - a potion of brilliance {unknown}
 E - a potion of might {unknown}
Comestibles
 e - 4 rations {!d}


   Skills:
 + Level 5.0 Fighting
 * Level 6.7 Staves
 - Level 3.0 Throwing
 - Level 0.6 Armour
 * Level 6.0 Dodging
 + Level 5.5 Invocations


You had 7 spell levels left.
You didn't know any spells.
Your spell library was empty.

Dungeon Overview and Level Annotations

Branches:
Dungeon (6/12)             Temple (0/1) D:6

Altars:
Elyvilon
Fedhas
Hepliaklqana
Kikubaaqudgha
Qazlal
Trog
Xom
The Shining One

Shops:
D:4 [


Innate Abilities, Weirdness & Mutations

You have sharp toenails.
You are partially covered in yellow scales. (AC +2)
You are immune to rotting.


Message History

* * * LOW HITPOINT WARNING * * *
The jelly is moderately wounded.
The jelly hits you but does no damage.
You hit the jelly.
Your hands burn!
* * * LOW HITPOINT WARNING * * *
You claw the jelly.
The jelly is heavily wounded.
You block the jelly's attack. The jelly misses you.
You are feeling hungry.
All of the chunks of flesh in your inventory have rotted away.
The jelly jiggles.
The jelly is struck by lightning.
You kill the jelly!
Qazlal accepts your kill. The hound closely misses you. The hound bites you.
* * * LOW HITPOINT WARNING * * *
The bullfrog hits you!
You die...

# #...# # ####.# #######
#[...# ......# #.######
......# #######.# ...
......### #.......# ....
........# #.#######.....
......#.###....F........
.##+###.##.o°..h@#.
.................#
..................(..
###.######.(..##...##
.#.... ####......#
o#..#.# #####..# .#..#.#
..# .#..#.# #.# ......#


You could see a bullfrog, a hound and an orc.

Vanquished Creatures
  An orc warrior (D:6)
  2 phantoms (D:4)
  An ogre (D:6)
  A centaur (D:5)
  4 bullfrogs
  A gnoll sergeant (D:5)
  A wyvern zombie (D:5)
  A scorpion (D:5)
  A killer bee (D:5)
  4 wights (D:6)
  A howler monkey (D:5)
  4 crimson imps
  A bullfrog zombie (D:6)
  2 jellies
  3 hounds (D:5)
  4 worker ants
  Crazy Yiuf (D:2)
  An iguana (D:5)
  2 hound skeletons (D:5)
  A worker ant zombie (D:6)
  A howler monkey skeleton (D:4)
  3 adders
  A shadow imp (D:5)
  5 oozes
  An adder zombie (D:5)
  9 dart slugs (D:3)
  A leopard gecko (D:1)
  9 orcs
  A bat (D:1)
  2 giant cockroaches
  3 goblins
  7 hobgoblins
  4 jackals (D:3)
  13 kobolds
  2 quokkas
  A quokka skeleton (D:4)
  2 rats
102 creatures vanquished.

Notes
Turn   | Place    | Note
-------+----------+-------------------------------------------
     0 | D:1      | Mrkan the Demonspawn Gladiator began the quest for the Orb.
     0 | D:1      | Reached XP level 1. HP: 16/16 MP: 1/1
   492 | D:1      | Gained mutation: You have sharp toenails. [demonic
                  | ancestry]
   492 | D:1      | Reached XP level 2. HP: 22/22 MP: 2/2
  1252 | D:2      | Found a faded altar of an unknown god.
  1359 | D:2      | Reached XP level 3. HP: 26/28 MP: 3/3
  1381 | D:2      | Found a stormy altar of Qazlal.
  1381 | D:2      | Found a blossoming altar of Fedhas.
  1393 | D:2      | Became a worshipper of Qazlal Stormbringer
  1408 | D:2      | Found a hazy altar of Hepliaklqana.
  1519 | D:2      | Found a runed door.
  1523 | D:2      | Noticed Crazy Yiuf
  1529 | D:2      | Killed Crazy Yiuf
  1668 | D:2      | Found a white marble altar of Elyvilon.
  1670 | D:2      | Found a glowing golden altar of the Shining One.
  1749 | D:3      | Gained mutation: You are immune to rotting. [demonic
                  | ancestry]
  1749 | D:3      | Reached XP level 4. HP: 34/34 MP: 4/4
  1770 | D:3      | Reached skill level 1 in Invocations
  2464 | D:3      | Gained mutation: You are partially covered in yellow
                  | scales. (AC +2) [demonic ancestry]
  2464 | D:3      | Reached XP level 5. HP: 40/40 MP: 6/6
  2717 | D:3      | Found a shimmering altar of Xom.
  2872 | D:4      | Noticed a phantom
  2874 | D:4      | Found Jafoefie's Antique Armour Boutique.
  2885 | D:4      | Reached XP level 6. HP: 24/47 MP: 7/7
  2897 | D:4      | Reached * piety under Qazlal
  3419 | D:4      | Found a bloodstained altar of Trog.
  3608 | D:5      | Entered Level 5 of the Dungeon
  3862 | D:5      | Reached XP level 7. HP: 49/52 MP: 9/9
  3897 | D:5      | Reached skill level 5 in Staves
  5211 | D:5      | Reached XP level 8. HP: 53/60 MP: 11/11
  5373 | D:5      | Reached skill level 5 in Dodging
  5388 | D:5      | HP: 4/91 [poisoned by a worker ant]
  5392 | D:5      | HP: 1/61 [poisoned by a worker ant]
  6318 | D:6      | Reached skill level 5 in Invocations
  6510 | D:6      | Found a staircase to the Ecumenical Temple.
  6557 | D:6      | Found an ancient bone altar of Kikubaaqudgha.
  6727 | D:6      | Reached skill level 5 in Fighting
  6729 | D:6      | HP: 3/62 [acid (4)]
  6769 | D:6      | Slain by a bullfrog

Skill      XL: |  1  2  3  4  5  6  7  8 |
---------------+-------------------------+-----
Staves         | 3 4 5 6 |  6.7
Throwing       | 2 3 |  3.0
Dodging        | 3 4 6 |  6.0
Invocations    | 1 2 3 4 5 |  5.5
Fighting       | 3 4 5 |  5.0
Armour         | |  0.6

Action                   |  1- 3 |  4- 6 |  7- 9 || total
-------------------------+-------+-------+-------++-------
Melee: Quarterstaff      |    77 |   157 |   177 ||   411
       Kick              |    11 |    50 |    59 ||   120
  Use: Potion            |       |       |     3 ||     3
 Stab: Sleeping          |     1 |     1 |       ||     2
  Eat: Chunk             |     2 |     5 |     1 ||     8
       Ration            |       |     1 |     2 ||     3
Armor: Leather armour    |    22 |    48 |    43 ||   113
Dodge: Dodged            |    46 |   107 |   117 ||   270
Block: Other             |       |     3 |    10 ||    13
